 Seeded DCSS version 0.31-a0-222-gefeffbb62a (webtiles) character file.

Game seed: 4472557389562349376 (custom seed)

34 innerfire43 the Trooper (level 3, -3/29 HPs)
             Began as a Demonspawn Monk on July 5, 2023.
             Slain by a worm (10 damage)
             ... on level 2 of the Dungeon.
             The game lasted 00:00:51 (1013 turns).

innerfire43 the Trooper (Demonspawn Monk)           Turns: 1013, Time: 00:00:52

Health: -3/29      AC:  4    Str: 13    XL:     3   Next: 14%
Magic:  3/3        EV: 13    Int: 11    God:
Gold:   64         SH:  0    Dex: 15    Spells: 2/2 levels left

rFire   . . .        a - +0 spear
rCold   . . .        d - orb {light}
rNeg    . . .        b - +0 robe
rPois   .            (no helmet)
rElec   .            (no cloak)
rCorr   .            (no gloves)
SInv    .            (no boots)
Will    .....        (no amulet)
Stlth   +            (no ring)
HPRegen 0.24/turn    (no ring)
MPRegen 0.08/turn

%: no passive effects
@: glowing
A: molten scales 1, demonic touch 1
a: no special abilities


You were on level 2 of the Dungeon.
You visited 1 branch of the dungeon, and saw 2 of its levels.

You collected 64 gold pieces.

Inventory:

Hand Weapons
 a - a +0 spear (weapon)
Armour
 b - a +0 robe (worn)
 d - an orb of light (worn)
Jewellery
 f - a ring of ice
Scrolls
 c - 2 scrolls of identify {unknown}
 e - a scroll of teleportation {unknown}
 g - a scroll of revelation {unknown}
 h - a scroll of vulnerability {unknown}
 j - a scroll of enchant armour {unknown}
 l - a scroll of enchant weapon {unknown}
 m - a scroll of immolation {unknown}
 n - a scroll of torment {unknown}
Potions
 i - a potion of degeneration {unknown}
 k - a potion of magic {unknown}


   Skills:
 + Level 3.4 Fighting
 * Level 3.2 Polearms
 + Level 3.1 Dodging


You had 2 spell levels left.
You didn't know any spells.
Your spell library contained the following spells:

 Spells                   Type           Power      Damage    Failure   Level
 Ozocubu's Armour         Ice            0%         N/A       71%         3
 Ozocubu's Refrigeration  Ice            0%         4d7       100%        7


Dungeon Overview and Level Annotations

Branches:
Dungeon (2/15)

Altars:

Shops:
D:2 ?


Innate Abilities, Weirdness & Mutations

You are partially covered in molten scales. (AC +2)
Your touch may inflict minor irresistible damage on your foes.


Message History

The orc moves out of view.
There are monsters nearby!
The orc shouts!
You see here 7 gold pieces.
There are monsters nearby!
You reach to attack!
You hit the orc.
The orc is lightly wounded.
There are monsters nearby!
You hit the orc.
The orc is heavily wounded.
The orc barely misses you.
You hit the orc.
You kill the orc!
Unknown command.
You barely miss the orc. The orc barely misses you. The orc closely misses you.
The worm bites you.
Unknown command.
You hit the orc but do no damage.
The orc is heavily wounded.
The orc completely misses you. The orc hits you with a +0 dagger.
The orc hits you with a +0 hand axe. The worm bites you!
Unknown command.
You are too injured to fight recklessly!
Unknown command.
You hit the orc.
You kill the orc!
The orc hits you but does no damage. The orc closely misses you.
You hit the orc.
The orc is moderately wounded.
The orc misses you. The orc barely misses you. The worm bites you.
* * * LOW HITPOINT WARNING * * *
You hit the orc but do no damage.
The orc is moderately wounded.
The orc closely misses you. The orc barely misses you.
You hit the orc but do no damage.
The orc is moderately wounded.
The orc closely misses you. The orc hits you with a +0 dagger.
* * * LOW HITPOINT WARNING * * *
The worm bites you!
You die...

#..#..#..#
......#..#
#.##.##..######
..#..###......##
.....#
##......###
...#.#
####.....##
.....# ##.....#
.....#
####..#####
.....# #.@w....#
...#.# #o)o....#
..##.# #.......#
####.#####
#.......#
.........#
#.......#
#........#
#.......#
#........#
#########
##########


You could see a worm and 2 orcs.

Vanquished Creatures
  An adder (D:1)
  A worm (D:1)
  2 orcs (D:2)
  3 ball pythons
  3 endoplasms (D:1)
  A goblin (D:1)
  A hobgoblin (D:2)
  2 kobolds
  2 quokkas (D:1)
  A bat (D:1)
  2 frilled lizards (D:1)
19 creatures vanquished.

Notes
Turn   | Place    | Note
-------+----------+-------------------------------------------
     0 | D:1      | innerfire43 the Demonspawn Monk began the quest for the
                  | Orb.
     0 | D:1      | Reached XP level 1. HP: 18/18 MP: 1/1
   386 | D:1      | Gained mutation: You are partially covered in molten
                  | scales. (AC +2) [demonic ancestry]
   386 | D:1      | Reached XP level 2. HP: 24/24 MP: 2/2
   843 | D:2      | Found Lejaxkev's Magic Scroll Emporium.
   874 | D:2      | Identified the +2 robe "Qoluh" {-Cast rElec Str+3 Dex+4}
   926 | D:2      | Gained mutation: Your touch may inflict minor irresistible
                  | damage on your foes. [demonic ancestry]
   926 | D:2      | Reached XP level 3. HP: 29/29 MP: 3/3
  1013 | D:2      | Slain by a worm

Illustrated notes

Levels and vault maps discovered:
D:1:      evilmike_arrival_fibonacci_small, layout_basic, minmay_heptomino_l4
D:2:      layout_rooms, serial_shops, shop

Skill      XL: |  1  2 |
---------------+-------+-----
Polearms       | 3 |  3.2
Dodging        | 3 |  3.1
Fighting       | |  3.4

Action                     || total
---------------------------++-------
  Melee: Spear             ||    68
    Use: Potion            ||     2
 Armour: Robe              ||    10
  Dodge: Dodged            ||    48

Table legend: (Time is in decaauts)
 A = Elapsed time spent in this place.
 B = Non-inter-level travel time spent in this place.
 C = Inter-level travel time spent in this place.
 D = Time resting spent in this place.
 E = Time spent auto-exploring this place.
 F = Levels seen in this place.
 G = Mean time per level.
                   A        B        C        D        E       F      G
               +--------+--------+--------+--------+--------+-----+--------+
         Total |   1011 |   1003 |      8 |      0 |    850 |   2 |  505.5 |
       Dungeon |   1011 |   1003 |      8 |      0 |    850 |   2 |  505.5 |
               +--------+--------+--------+--------+--------+-----+--------+

Top non-repeatable levels by time:
     D:1: 805 daAuts
     D:2: 205 daAuts
